%YAML 1.1
%TAG !u! tag:unity3d.com,2011:
--- !u!1 &777003663898589615
GameObject:
  m_ObjectHideFlags: 0
  m_CorrespondingSourceObject: {fileID: 0}
  m_PrefabInstance: {fileID: 0}
  m_PrefabAsset: {fileID: 0}
  serializedVersion: 6
  m_Component:
  - component: {fileID: 777003663898589614}
  - component: {fileID: 777003663898589584}
  - component: {fileID: 777003663898589585}
  m_Layer: 0
  m_Name: Text
  m_TagString: Untagged
  m_Icon: {fileID: 0}
  m_NavMeshLayer: 0
  m_StaticEditorFlags: 0
  m_IsActive: 1
--- !u!224 &777003663898589614
RectTransform:
  m_ObjectHideFlags: 0
  m_CorrespondingSourceObject: {fileID: 0}
  m_PrefabInstance: {fileID: 0}
  m_PrefabAsset: {fileID: 0}
  m_GameObject: {fileID: 777003663898589615}
  m_LocalRotation: {x: 0, y: 0, z: 0, w: 1}
  m_LocalPosition: {x: 0, y: 0, z: 0}
  m_LocalScale: {x: 1, y: 1, z: 1}
  m_Children: []
  m_Father: {fileID: 3436335606872884836}
  m_RootOrder: 0
  m_LocalEulerAnglesHint: {x: 0, y: 0, z: 0}
  m_AnchorMin: {x: 0, y: 0}
  m_AnchorMax: {x: 1, y: 1}
  m_AnchoredPosition: {x: 0, y: 0}
  m_SizeDelta: {x: 0, y: 0}
  m_Pivot: {x: 0.5, y: 0.5}
--- !u!222 &777003663898589584
CanvasRenderer:
  m_ObjectHideFlags: 0
  m_CorrespondingSourceObject: {fileID: 0}
  m_PrefabInstance: {fileID: 0}
  m_PrefabAsset: {fileID: 0}
  m_GameObject: {fileID: 777003663898589615}
  m_CullTransparentMesh: 1
--- !u!114 &777003663898589585
MonoBehaviour:
  m_ObjectHideFlags: 0
  m_CorrespondingSourceObject: {fileID: 0}
  m_PrefabInstance: {fileID: 0}
  m_PrefabAsset: {fileID: 0}
  m_GameObject: {fileID: 777003663898589615}
  m_Enabled: 1
  m_EditorHideFlags: 0
  m_Script: {fileID: 11500000, guid: f4688fdb7df04437aeb418b961361dc5, type: 3}
  m_Name: 
  m_EditorClassIdentifier: 
  m_Material: {fileID: 0}
  m_Color: {r: 1, g: 1, b: 1, a: 1}
  m_RaycastTarget: 1
  m_RaycastPadding: {x: 0, y: 0, z: 0, w: 0}
  m_Maskable: 1
  m_OnCullStateChanged:
    m_PersistentCalls:
      m_Calls: []
  m_text: 'Attack

    Laser 1'
  m_isRightToLeft: 0
  m_fontAsset: {fileID: 11400000, guid: 447003388b8c22f47aacbef1eda020b3, type: 2}
  m_sharedMaterial: {fileID: -257894646913049123, guid: 447003388b8c22f47aacbef1eda020b3,
    type: 2}
  m_fontSharedMaterials: []
  m_fontMaterial: {fileID: 0}
  m_fontMaterials: []
  m_fontColor32:
    serializedVersion: 2
    rgba: 4294967295
  m_fontColor: {r: 1, g: 1, b: 1, a: 1}
  m_enableVertexGradient: 0
  m_colorMode: 3
  m_fontColorGradient:
    topLeft: {r: 1, g: 1, b: 1, a: 1}
    topRight: {r: 1, g: 1, b: 1, a: 1}
    bottomLeft: {r: 1, g: 1, b: 1, a: 1}
    bottomRight: {r: 1, g: 1, b: 1, a: 1}
  m_fontColorGradientPreset: {fileID: 0}
  m_spriteAsset: {fileID: 0}
  m_tintAllSprites: 0
  m_StyleSheet: {fileID: 0}
  m_TextStyleHashCode: -1183493901
  m_overrideHtmlColors: 0
  m_faceColor:
    serializedVersion: 2
    rgba: 4294967295
  m_fontSize: 0.45
  m_fontSizeBase: 0.45
  m_fontWeight: 400
  m_enableAutoSizing: 0
  m_fontSizeMin: 0.01
  m_fontSizeMax: 10
  m_fontStyle: 0
  m_HorizontalAlignment: 2
  m_VerticalAlignment: 512
  m_textAlignment: 65535
  m_characterSpacing: 0
  m_wordSpacing: 0
  m_lineSpacing: 0
  m_lineSpacingMax: 0
  m_paragraphSpacing: 0
  m_charWidthMaxAdj: 0
  m_enableWordWrapping: 1
  m_wordWrappingRatios: 0.4
  m_overflowMode: 0
  m_linkedTextComponent: {fileID: 0}
  parentLinkedComponent: {fileID: 0}
  m_enableKerning: 1
  m_enableExtraPadding: 0
  checkPaddingRequired: 0
  m_isRichText: 1
  m_parseCtrlCharacters: 1
  m_isOrthographic: 1
  m_isCullingEnabled: 0
  m_horizontalMapping: 0
  m_verticalMapping: 0
  m_uvLineOffset: 0
  m_geometrySortingOrder: 0
  m_IsTextObjectScaleStatic: 0
  m_VertexBufferAutoSizeReduction: 1
  m_useMaxVisibleDescender: 1
  m_pageToDisplay: 1
  m_margin: {x: 0, y: 0, z: 0, w: 0}
  m_isUsingLegacyAnimationComponent: 0
  m_isVolumetricText: 0
  m_hasFontAssetChanged: 0
  m_baseMaterial: {fileID: 0}
  m_maskOffset: {x: 0, y: 0, z: 0, w: 0}
--- !u!1 &2039952276310891741
GameObject:
  m_ObjectHideFlags: 0
  m_CorrespondingSourceObject: {fileID: 0}
  m_PrefabInstance: {fileID: 0}
  m_PrefabAsset: {fileID: 0}
  serializedVersion: 6
  m_Component:
  - component: {fileID: 4350251047270318956}
  - component: {fileID: 3348354061159997661}
  - component: {fileID: 6108259161807031730}
  - component: {fileID: 35761612797916312}
  - component: {fileID: 871007779612410405}
  - component: {fileID: 4563372663022707775}
  - component: {fileID: 9116915416457668825}
  - component: {fileID: 2039952276310891743}
  - component: {fileID: 2039952276310891740}
  - component: {fileID: 2039952276310891742}
  m_Layer: 13
  m_Name: Pickup - Weapon - Attack Laser 1
  m_TagString: Untagged
  m_Icon: {fileID: 0}
  m_NavMeshLayer: 0
  m_StaticEditorFlags: 0
  m_IsActive: 1
--- !u!4 &4350251047270318956
Transform:
  m_ObjectHideFlags: 0
  m_CorrespondingSourceObject: {fileID: 0}
  m_PrefabInstance: {fileID: 0}
  m_PrefabAsset: {fileID: 0}
  m_GameObject: {fileID: 2039952276310891741}
  m_LocalRotation: {x: 0, y: 0, z: 0, w: 1}
  m_LocalPosition: {x: 0, y: 0, z: 0}
  m_LocalScale: {x: 1, y: 1, z: 1}
  m_Children:
  - {fileID: 3436335606872884836}
  m_Father: {fileID: 0}
  m_RootOrder: 0
  m_LocalEulerAnglesHint: {x: 0, y: 0, z: 0}
--- !u!33 &3348354061159997661
MeshFilter:
  m_ObjectHideFlags: 0
  m_CorrespondingSourceObject: {fileID: 0}
  m_PrefabInstance: {fileID: 0}
  m_PrefabAsset: {fileID: 0}
  m_GameObject: {fileID: 2039952276310891741}
  m_Mesh: {fileID: 0}
--- !u!23 &6108259161807031730
MeshRenderer:
  m_ObjectHideFlags: 0
  m_CorrespondingSourceObject: {fileID: 0}
  m_PrefabInstance: {fileID: 0}
  m_PrefabAsset: {fileID: 0}
  m_GameObject: {fileID: 2039952276310891741}
  m_Enabled: 1
  m_CastShadows: 1
  m_ReceiveShadows: 1
  m_DynamicOccludee: 1
  m_MotionVectors: 1
  m_LightProbeUsage: 1
  m_ReflectionProbeUsage: 1
  m_RayTracingMode: 2
  m_RayTraceProcedural: 0
  m_RenderingLayerMask: 1
  m_RendererPriority: 0
  m_Materials:
  - {fileID: 2100000, guid: e8c5053b13f065b42a9bbdeabc0bd19a, type: 2}
  m_StaticBatchInfo:
    firstSubMesh: 0
    subMeshCount: 0
  m_StaticBatchRoot: {fileID: 0}
  m_ProbeAnchor: {fileID: 0}
  m_LightProbeVolumeOverride: {fileID: 0}
  m_ScaleInLightmap: 1
  m_ReceiveGI: 1
  m_PreserveUVs: 0
  m_IgnoreNormalsForChartDetection: 0
  m_ImportantGI: 0
  m_StitchLightmapSeams: 1
  m_SelectedEditorRenderState: 2
  m_MinimumChartSize: 4
  m_AutoUVMaxDistance: 0.5
  m_AutoUVMaxAngle: 89
  m_LightmapParameters: {fileID: 0}
  m_SortingLayerID: 0
  m_SortingLayer: 0
  m_SortingOrder: 0
  m_AdditionalVertexStreams: {fileID: 0}
--- !u!114 &35761612797916312
MonoBehaviour:
  m_ObjectHideFlags: 0
  m_CorrespondingSourceObject: {fileID: 0}
  m_PrefabInstance: {fileID: 0}
  m_PrefabAsset: {fileID: 0}
  m_GameObject: {fileID: 2039952276310891741}
  m_Enabled: 1
  m_EditorHideFlags: 0
  m_Script: {fileID: 11500000, guid: 8233d90336aea43098adf6dbabd606a2, type: 3}
  m_Name: 
  m_EditorClassIdentifier: 
  m_MeshFormatVersion: 1
  m_Faces:
  - m_Indexes: 000000000100000002000000010000000300000002000000
    m_SmoothingGroup: -1
    m_Uv:
      m_UseWorldSpace: 0
      m_FlipU: 0
      m_FlipV: 0
      m_SwapUV: 0
      m_Fill: 1
      m_Scale: {x: 1, y: 1}
      m_Offset: {x: 0, y: 0}
      m_Rotation: 0
      m_Anchor: 9
    m_Material: {fileID: 0}
    m_SubmeshIndex: 0
    m_ManualUV: 0
    elementGroup: -1
    m_TextureGroup: -1
  - m_Indexes: 040000000500000006000000050000000700000006000000
    m_SmoothingGroup: -1
    m_Uv:
      m_UseWorldSpace: 0
      m_FlipU: 0
      m_FlipV: 0
      m_SwapUV: 0
      m_Fill: 1
      m_Scale: {x: 1, y: 1}
      m_Offset: {x: 0, y: 0}
      m_Rotation: 0
      m_Anchor: 9
    m_Material: {fileID: 0}
    m_SubmeshIndex: 0
    m_ManualUV: 0
    elementGroup: -1
    m_TextureGroup: -1
  - m_Indexes: 08000000090000000a000000090000000b0000000a000000
    m_SmoothingGroup: -1
    m_Uv:
      m_UseWorldSpace: 0
      m_FlipU: 0
      m_FlipV: 0
      m_SwapUV: 0
      m_Fill: 1
      m_Scale: {x: 1, y: 1}
      m_Offset: {x: 0, y: 0}
      m_Rotation: 0
      m_Anchor: 9
    m_Material: {fileID: 0}
    m_SubmeshIndex: 0
    m_ManualUV: 0
    elementGroup: -1
    m_TextureGroup: -1
  - m_Indexes: 0c0000000d0000000e0000000d0000000f0000000e000000
    m_SmoothingGroup: -1
    m_Uv:
      m_UseWorldSpace: 0
      m_FlipU: 0
      m_FlipV: 0
      m_SwapUV: 0
      m_Fill: 1
      m_Scale: {x: 1, y: 1}
      m_Offset: {x: 0, y: 0}
      m_Rotation: 0
      m_Anchor: 9
    m_Material: {fileID: 0}
    m_SubmeshIndex: 0
    m_ManualUV: 0
    elementGroup: -1
    m_TextureGroup: -1
  - m_Indexes: 100000001100000012000000110000001300000012000000
    m_SmoothingGroup: -1
    m_Uv:
      m_UseWorldSpace: 0
      m_FlipU: 0
      m_FlipV: 0
      m_SwapUV: 0
      m_Fill: 1
      m_Scale: {x: 1, y: 1}
      m_Offset: {x: 0, y: 0}
      m_Rotation: 0
      m_Anchor: 9
    m_Material: {fileID: 0}
    m_SubmeshIndex: 0
    m_ManualUV: 0
    elementGroup: -1
    m_TextureGroup: -1
  - m_Indexes: 140000001500000016000000150000001700000016000000
    m_SmoothingGroup: -1
    m_Uv:
      m_UseWorldSpace: 0
      m_FlipU: 0
      m_FlipV: 0
      m_SwapUV: 0
      m_Fill: 1
      m_Scale: {x: 1, y: 1}
      m_Offset: {x: 0, y: 0}
      m_Rotation: 0
      m_Anchor: 9
    m_Material: {fileID: 0}
    m_SubmeshIndex: 0
    m_ManualUV: 0
    elementGroup: -1
    m_TextureGroup: -1
  - m_Indexes: 18000000190000001a000000190000001b0000001a000000
    m_SmoothingGroup: -1
    m_Uv:
      m_UseWorldSpace: 0
      m_FlipU: 0
      m_FlipV: 0
      m_SwapUV: 0
      m_Fill: 1
      m_Scale: {x: 1, y: 1}
      m_Offset: {x: 0, y: 0}
      m_Rotation: 0
      m_Anchor: 9
    m_Material: {fileID: 0}
    m_SubmeshIndex: 0
    m_ManualUV: 0
    elementGroup: -1
    m_TextureGroup: -1
  - m_Indexes: 1c0000001d0000001e0000001d0000001f0000001e000000
    m_SmoothingGroup: -1
    m_Uv:
      m_UseWorldSpace: 0
      m_FlipU: 0
      m_FlipV: 0
      m_SwapUV: 0
      m_Fill: 1
      m_Scale: {x: 1, y: 1}
      m_Offset: {x: 0, y: 0}
      m_Rotation: 0
      m_Anchor: 9
    m_Material: {fileID: 0}
    m_SubmeshIndex: 0
    m_ManualUV: 0
    elementGroup: -1
    m_TextureGroup: -1
  - m_Indexes: 220000002100000020000000
    m_SmoothingGroup: 0
    m_Uv:
      m_UseWorldSpace: 0
      m_FlipU: 0
      m_FlipV: 0
      m_SwapUV: 0
      m_Fill: 1
      m_Scale: {x: 1, y: 1}
      m_Offset: {x: 0, y: 0}
      m_Rotation: 0
      m_Anchor: 9
    m_Material: {fileID: 2100000, guid: 31321ba15b8f8eb4c954353edc038b1d, type: 2}
    m_SubmeshIndex: 0
    m_ManualUV: 0
    elementGroup: 0
    m_TextureGroup: -1
  - m_Indexes: 280000002700000026000000
    m_SmoothingGroup: 0
    m_Uv:
      m_UseWorldSpace: 0
      m_FlipU: 0
      m_FlipV: 0
      m_SwapUV: 0
      m_Fill: 1
      m_Scale: {x: 1, y: 1}
      m_Offset: {x: 0, y: 0}
      m_Rotation: 0
      m_Anchor: 9
    m_Material: {fileID: 2100000, guid: 31321ba15b8f8eb4c954353edc038b1d, type: 2}
    m_SubmeshIndex: 0
    m_ManualUV: 0
    elementGroup: 0
    m_TextureGroup: -1
  - m_Indexes: 2e0000002d0000002c000000
    m_SmoothingGroup: 0
    m_Uv:
      m_UseWorldSpace: 0
      m_FlipU: 0
      m_FlipV: 0
      m_SwapUV: 0
      m_Fill: 1
      m_Scale: {x: 1, y: 1}
      m_Offset: {x: 0, y: 0}
      m_Rotation: 0
      m_Anchor: 9
    m_Material: {fileID: 2100000, guid: 31321ba15b8f8eb4c954353edc038b1d, type: 2}
    m_SubmeshIndex: 0
    m_ManualUV: 0
    elementGroup: 0
    m_TextureGroup: -1
  - m_Indexes: 340000003300000032000000
    m_SmoothingGroup: 0
    m_Uv:
      m_UseWorldSpace: 0
      m_FlipU: 0
      m_FlipV: 0
      m_SwapUV: 0
      m_Fill: 1
      m_Scale: {x: 1, y: 1}
      m_Offset: {x: 0, y: 0}
      m_Rotation: 0
      m_Anchor: 9
    m_Material: {fileID: 2100000, guid: 31321ba15b8f8eb4c954353edc038b1d, type: 2}
    m_SubmeshIndex: 0
    m_ManualUV: 0
    elementGroup: 0
    m_TextureGroup: -1
  - m_Indexes: 3a0000003900000038000000
    m_SmoothingGroup: 0
    m_Uv:
      m_UseWorldSpace: 0
      m_FlipU: 0
      m_FlipV: 0
      m_SwapUV: 0
      m_Fill: 1
      m_Scale: {x: 1, y: 1}
      m_Offset: {x: 0, y: 0}
      m_Rotation: 0
      m_Anchor: 9
    m_Material: {fileID: 2100000, guid: 31321ba15b8f8eb4c954353edc038b1d, type: 2}
    m_SubmeshIndex: 0
    m_ManualUV: 0
    elementGroup: 0
    m_TextureGroup: -1
  - m_Indexes: 400000003f0000003e000000
    m_SmoothingGroup: 0
    m_Uv:
      m_UseWorldSpace: 0
      m_FlipU: 0
      m_FlipV: 0
      m_SwapUV: 0
      m_Fill: 1
      m_Scale: {x: 1, y: 1}
      m_Offset: {x: 0, y: 0}
      m_Rotation: 0
      m_Anchor: 9
    m_Material: {fileID: 2100000, guid: 31321ba15b8f8eb4c954353edc038b1d, type: 2}
    m_SubmeshIndex: 0
    m_ManualUV: 0
    elementGroup: 0
    m_TextureGroup: -1
  - m_Indexes: 460000004500000044000000
    m_SmoothingGroup: 0
    m_Uv:
      m_UseWorldSpace: 0
      m_FlipU: 0
      m_FlipV: 0
      m_SwapUV: 0
      m_Fill: 1
      m_Scale: {x: 1, y: 1}
      m_Offset: {x: 0, y: 0}
      m_Rotation: 0
      m_Anchor: 9
    m_Material: {fileID: 2100000, guid: 31321ba15b8f8eb4c954353edc038b1d, type: 2}
    m_SubmeshIndex: 0
    m_ManualUV: 0
    elementGroup: 0
    m_TextureGroup: -1
  - m_Indexes: 4c0000004b0000004a000000
    m_SmoothingGroup: 0
    m_Uv:
      m_UseWorldSpace: 0
      m_FlipU: 0
      m_FlipV: 0
      m_SwapUV: 0
      m_Fill: 1
      m_Scale: {x: 1, y: 1}
      m_Offset: {x: 0, y: 0}
      m_Rotation: 0
      m_Anchor: 9
    m_Material: {fileID: 2100000, guid: 31321ba15b8f8eb4c954353edc038b1d, type: 2}
    m_SubmeshIndex: 0
    m_ManualUV: 0
    elementGroup: 0
    m_TextureGroup: -1
  - m_Indexes: 230000002400000025000000
    m_SmoothingGroup: 0
    m_Uv:
      m_UseWorldSpace: 0
      m_FlipU: 0
      m_FlipV: 0
      m_SwapUV: 0
      m_Fill: 1
      m_Scale: {x: 1, y: 1}
      m_Offset: {x: 0, y: 0}
      m_Rotation: 0
      m_Anchor: 9
    m_Material: {fileID: 2100000, guid: 31321ba15b8f8eb4c954353edc038b1d, type: 2}
    m_SubmeshIndex: 0
    m_ManualUV: 0
    elementGroup: 0
    m_TextureGroup: -1
  - m_Indexes: 290000002a0000002b000000
    m_SmoothingGroup: 0
    m_Uv:
      m_UseWorldSpace: 0
      m_FlipU: 0
      m_FlipV: 0
      m_SwapUV: 0
      m_Fill: 1
      m_Scale: {x: 1, y: 1}
      m_Offset: {x: 0, y: 0}
      m_Rotation: 0
      m_Anchor: 9
    m_Material: {fileID: 2100000, guid: 31321ba15b8f8eb4c954353edc038b1d, type: 2}
    m_SubmeshIndex: 0
    m_ManualUV: 0
    elementGroup: 0
    m_TextureGroup: -1
  - m_Indexes: 2f0000003000000031000000
    m_SmoothingGroup: 0
    m_Uv:
      m_UseWorldSpace: 0
      m_FlipU: 0
      m_FlipV: 0
      m_SwapUV: 0
      m_Fill: 1
      m_Scale: {x: 1, y: 1}
      m_Offset: {x: 0, y: 0}
      m_Rotation: 0
      m_Anchor: 9
    m_Material: {fileID: 2100000, guid: 31321ba15b8f8eb4c954353edc038b1d, type: 2}
    m_SubmeshIndex: 0
    m_ManualUV: 0
    elementGroup: 0
    m_TextureGroup: -1
  - m_Indexes: 350000003600000037000000
    m_SmoothingGroup: 0
    m_Uv:
      m_UseWorldSpace: 0
      m_FlipU: 0
      m_FlipV: 0
      m_SwapUV: 0
      m_Fill: 1
      m_Scale: {x: 1, y: 1}
      m_Offset: {x: 0, y: 0}
      m_Rotation: 0
      m_Anchor: 9
    m_Material: {fileID: 2100000, guid: 31321ba15b8f8eb4c954353edc038b1d, type: 2}
    m_SubmeshIndex: 0
    m_ManualUV: 0
    elementGroup: 0
    m_TextureGroup: -1
  - m_Indexes: 3b0000003c0000003d000000
    m_SmoothingGroup: 0
    m_Uv:
      m_UseWorldSpace: 0
      m_FlipU: 0
      m_FlipV: 0
      m_SwapUV: 0
      m_Fill: 1
      m_Scale: {x: 1, y: 1}
      m_Offset: {x: 0, y: 0}
      m_Rotation: 0
      m_Anchor: 9
    m_Material: {fileID: 2100000, guid: 31321ba15b8f8eb4c954353edc038b1d, type: 2}
    m_SubmeshIndex: 0
    m_ManualUV: 0
    elementGroup: 0
    m_TextureGroup: -1
  - m_Indexes: 410000004200000043000000
    m_SmoothingGroup: 0
    m_Uv:
      m_UseWorldSpace: 0
      m_FlipU: 0
      m_FlipV: 0
      m_SwapUV: 0
      m_Fill: 1
      m_Scale: {x: 1, y: 1}
      m_Offset: {x: 0, y: 0}
      m_Rotation: 0
      m_Anchor: 9
    m_Material: {fileID: 2100000, guid: 31321ba15b8f8eb4c954353edc038b1d, type: 2}
    m_SubmeshIndex: 0
    m_ManualUV: 0
    elementGroup: 0
    m_TextureGroup: -1
  - m_Indexes: 470000004800000049000000
    m_SmoothingGroup: 0
    m_Uv:
      m_UseWorldSpace: 0
      m_FlipU: 0
      m_FlipV: 0
      m_SwapUV: 0
      m_Fill: 1
      m_Scale: {x: 1, y: 1}
      m_Offset: {x: 0, y: 0}
      m_Rotation: 0
      m_Anchor: 9
    m_Material: {fileID: 2100000, guid: 31321ba15b8f8eb4c954353edc038b1d, type: 2}
    m_SubmeshIndex: 0
    m_ManualUV: 0
    elementGroup: 0
    m_TextureGroup: -1
  - m_Indexes: 4d0000004e0000004f000000
    m_SmoothingGroup: 0
    m_Uv:
      m_UseWorldSpace: 0
      m_FlipU: 0
      m_FlipV: 0
      m_SwapUV: 0
      m_Fill: 1
      m_Scale: {x: 1, y: 1}
      m_Offset: {x: 0, y: 0}
      m_Rotation: 0
      m_Anchor: 9
    m_Material: {fileID: 2100000, guid: 31321ba15b8f8eb4c954353edc038b1d, type: 2}
    m_SubmeshIndex: 0
    m_ManualUV: 0
    elementGroup: 0
    m_TextureGroup: -1
  m_SharedVertices:
  - m_Vertices: 000000001e000000200000004c000000
  - m_Vertices: 010000001f000000230000004f000000
  - m_Vertices: 02000000040000002200000026000000
  - m_Vertices: 03000000050000002500000029000000
  - m_Vertices: 0600000008000000280000002c000000
  - m_Vertices: 07000000090000002b0000002f000000
  - m_Vertices: 0a0000000c0000002e00000032000000
  - m_Vertices: 0b0000000d0000003100000035000000
  - m_Vertices: 0e000000100000003400000038000000
  - m_Vertices: 0f00000011000000370000003b000000
  - m_Vertices: 12000000140000003a0000003e000000
  - m_Vertices: 13000000150000003d00000041000000
  - m_Vertices: 16000000180000004000000044000000
  - m_Vertices: 17000000190000004300000047000000
  - m_Vertices: 1a0000001c000000460000004a000000
  - m_Vertices: 1b0000001d000000490000004d000000
  - m_Vertices: 21000000270000002d00000033000000390000003f000000450000004b000000
  - m_Vertices: 240000002a00000030000000360000003c00000042000000480000004e000000
  m_SharedTextures: []
  m_Positions:
  - {x: 0.5, y: 0, z: 0}
  - {x: 0.5, y: 0.2, z: 0}
  - {x: 0.3535534, y: 0, z: 0.3535533}
  - {x: 0.3535534, y: 0.2, z: 0.3535533}
  - {x: 0.3535534, y: 0, z: 0.3535533}
  - {x: 0.3535534, y: 0.2, z: 0.3535533}
  - {x: 0, y: 0, z: 0.5}
  - {x: 0, y: 0.2, z: 0.5}
  - {x: 0, y: 0, z: 0.5}
  - {x: 0, y: 0.2, z: 0.5}
  - {x: -0.3535534, y: 0, z: 0.3535533}
  - {x: -0.3535534, y: 0.2, z: 0.3535533}
  - {x: -0.3535534, y: 0, z: 0.3535533}
  - {x: -0.3535534, y: 0.2, z: 0.3535533}
  - {x: -0.5, y: 0, z: 0}
  - {x: -0.5, y: 0.2, z: 0}
  - {x: -0.5, y: 0, z: 0}
  - {x: -0.5, y: 0.2, z: 0}
  - {x: -0.3535534, y: 0, z: -0.3535533}
  - {x: -0.3535534, y: 0.2, z: -0.3535533}
  - {x: -0.3535534, y: 0, z: -0.3535533}
  - {x: -0.3535534, y: 0.2, z: -0.3535533}
  - {x: 0, y: 0, z: -0.5}
  - {x: 0, y: 0.2, z: -0.5}
  - {x: 0, y: 0, z: -0.5}
  - {x: 0, y: 0.2, z: -0.5}
  - {x: 0.3535533, y: 0, z: -0.35355353}
  - {x: 0.3535533, y: 0.2, z: -0.35355353}
  - {x: 0.3535533, y: 0, z: -0.35355353}
  - {x: 0.3535533, y: 0.2, z: -0.35355353}
  - {x: 0.5, y: 0, z: 0}
  - {x: 0.5, y: 0.2, z: 0}
  - {x: 0.5, y: 0, z: 0}
  - {x: 0, y: 0, z: 0}
  - {x: 0.3535534, y: 0, z: 0.3535533}
  - {x: 0.5, y: 0.2, z: 0}
  - {x: 0, y: 0.2, z: 0}
  - {x: 0.3535534, y: 0.2, z: 0.3535533}
  - {x: 0.3535534, y: 0, z: 0.3535533}
  - {x: 0, y: 0, z: 0}
  - {x: 0, y: 0, z: 0.5}
  - {x: 0.3535534, y: 0.2, z: 0.3535533}
  - {x: 0, y: 0.2, z: 0}
  - {x: 0, y: 0.2, z: 0.5}
  - {x: 0, y: 0, z: 0.5}
  - {x: 0, y: 0, z: 0}
  - {x: -0.3535534, y: 0, z: 0.3535533}
  - {x: 0, y: 0.2, z: 0.5}
  - {x: 0, y: 0.2, z: 0}
  - {x: -0.3535534, y: 0.2, z: 0.3535533}
  - {x: -0.3535534, y: 0, z: 0.3535533}
  - {x: 0, y: 0, z: 0}
  - {x: -0.5, y: 0, z: 0}
  - {x: -0.3535534, y: 0.2, z: 0.3535533}
  - {x: 0, y: 0.2, z: 0}
  - {x: -0.5, y: 0.2, z: 0}
  - {x: -0.5, y: 0, z: 0}
  - {x: 0, y: 0, z: 0}
  - {x: -0.3535534, y: 0, z: -0.3535533}
  - {x: -0.5, y: 0.2, z: 0}
  - {x: 0, y: 0.2, z: 0}
  - {x: -0.3535534, y: 0.2, z: -0.3535533}
  - {x: -0.3535534, y: 0, z: -0.3535533}
  - {x: 0, y: 0, z: 0}
  - {x: 0, y: 0, z: -0.5}
  - {x: -0.3535534, y: 0.2, z: -0.3535533}
  - {x: 0, y: 0.2, z: 0}
  - {x: 0, y: 0.2, z: -0.5}
  - {x: 0, y: 0, z: -0.5}
  - {x: 0, y: 0, z: 0}
  - {x: 0.3535533, y: 0, z: -0.35355353}
  - {x: 0, y: 0.2, z: -0.5}
  - {x: 0, y: 0.2, z: 0}
  - {x: 0.3535533, y: 0.2, z: -0.35355353}
  - {x: 0.3535533, y: 0, z: -0.35355353}
  - {x: 0, y: 0, z: 0}
  - {x: 0.5, y: 0, z: 0}
  - {x: 0.3535533, y: 0.2, z: -0.35355353}
  - {x: 0, y: 0.2, z: 0}
  - {x: 0.5, y: 0.2, z: 0}
  m_Textures0:
  - {x: -0.19134173, y: 0}
  - {x: -0.19134173, y: 0.2}
  - {x: 0.1913416, y: 0}
  - {x: 0.1913416, y: 0.2}
  - {x: -0.19134167, y: 0}
  - {x: -0.19134167, y: 0.2}
  - {x: 0.19134182, y: 0}
  - {x: 0.19134182, y: 0.2}
  - {x: -0.19134182, y: 0}
  - {x: -0.19134182, y: 0.2}
  - {x: 0.19134167, y: 0}
  - {x: 0.19134167, y: 0.2}
  - {x: -0.1913416, y: 0}
  - {x: -0.1913416, y: 0.2}
  - {x: 0.19134173, y: 0}
  - {x: 0.19134173, y: 0.2}
  - {x: -0.19134173, y: 0}
  - {x: -0.19134173, y: 0.2}
  - {x: 0.1913416, y: 0}
  - {x: 0.1913416, y: 0.2}
  - {x: -0.19134167, y: 0}
  - {x: -0.19134167, y: 0.2}
  - {x: 0.19134182, y: 0}
  - {x: 0.19134182, y: 0.2}
  - {x: -0.19134161, y: 0}
  - {x: -0.19134161, y: 0.2}
  - {x: 0.1913417, y: 0}
  - {x: 0.1913417, y: 0.2}
  - {x: -0.19134186, y: 0}
  - {x: -0.19134186, y: 0.2}
  - {x: 0.19134174, y: 0}
  - {x: 0.19134174, y: 0.2}
  - {x: -0.5, y: 0}
  - {x: 0, y: 0}
  - {x: -0.3535534, y: 0.3535533}
  - {x: 0.5, y: 0}
  - {x: 0, y: 0}
  - {x: 0.3535534, y: 0.3535533}
  - {x: -0.3535534, y: 0.3535533}
  - {x: 0, y: 0}
  - {x: 0, y: 0.5}
  - {x: 0.3535534, y: 0.3535533}
  - {x: 0, y: 0}
  - {x: 0, y: 0.5}
  - {x: 0, y: 0.5}
  - {x: 0, y: 0}
  - {x: 0.3535534, y: 0.3535533}
  - {x: 0, y: 0.5}
  - {x: 0, y: 0}
  - {x: -0.3535534, y: 0.3535533}
  - {x: 0.3535534, y: 0.3535533}
  - {x: 0, y: 0}
  - {x: 0.5, y: 0}
  - {x: -0.3535534, y: 0.3535533}
  - {x: 0, y: 0}
  - {x: -0.5, y: 0}
  - {x: 0.5, y: 0}
  - {x: 0, y: 0}
  - {x: 0.3535534, y: -0.3535533}
  - {x: -0.5, y: 0}
  - {x: 0, y: 0}
  - {x: -0.3535534, y: -0.3535533}
  - {x: 0.3535534, y: -0.3535533}
  - {x: 0, y: 0}
  - {x: 0, y: -0.5}
  - {x: -0.3535534, y: -0.3535533}
  - {x: 0, y: 0}
  - {x: 0, y: -0.5}
  - {x: 0, y: -0.5}
  - {x: 0, y: 0}
  - {x: -0.3535533, y: -0.35355353}
  - {x: 0, y: -0.5}
  - {x: 0, y: 0}
  - {x: 0.3535533, y: -0.35355353}
  - {x: -0.3535533, y: -0.35355353}
  - {x: 0, y: 0}
  - {x: -0.5, y: 0}
  - {x: 0.3535533, y: -0.35355353}
  - {x: 0, y: 0}
  - {x: 0.5, y: 0}
  m_Textures2: []
  m_Textures3: []
  m_Tangents:
  - {x: -0.38268346, y: 0, z: 0.9238795, w: -1}
  - {x: -0.38268346, y: 0, z: 0.9238795, w: -1}
  - {x: -0.38268346, y: 0, z: 0.9238795, w: -1}
  - {x: -0.38268346, y: 0, z: 0.9238795, w: -1}
  - {x: -0.9238795, y: 0, z: 0.38268366, w: -1}
  - {x: -0.9238795, y: 0, z: 0.38268366, w: -1}
  - {x: -0.9238795, y: 0, z: 0.38268366, w: -1}
  - {x: -0.9238795, y: 0, z: 0.38268366, w: -1}
  - {x: -0.9238795, y: 0, z: -0.38268366, w: -1}
  - {x: -0.9238795, y: 0, z: -0.38268366, w: -1}
  - {x: -0.9238795, y: 0, z: -0.38268366, w: -1}
  - {x: -0.9238795, y: 0, z: -0.38268366, w: -1}
  - {x: -0.38268346, y: 0, z: -0.9238795, w: -1}
  - {x: -0.38268346, y: 0, z: -0.9238795, w: -1}
  - {x: -0.38268346, y: 0, z: -0.9238795, w: -1}
  - {x: -0.38268346, y: 0, z: -0.9238795, w: -1}
  - {x: 0.38268346, y: 0, z: -0.9238795, w: -1}
  - {x: 0.38268346, y: 0, z: -0.9238795, w: -1}
  - {x: 0.38268346, y: 0, z: -0.9238795, w: -1}
  - {x: 0.38268346, y: 0, z: -0.9238795, w: -1}
  - {x: 0.9238795, y: 0, z: -0.38268366, w: -1}
  - {x: 0.9238795, y: 0, z: -0.38268366, w: -1}
  - {x: 0.9238795, y: 0, z: -0.38268366, w: -1}
  - {x: 0.9238795, y: 0, z: -0.38268366, w: -1}
  - {x: 0.9238796, y: 0, z: 0.3826832, w: -1}
  - {x: 0.9238796, y: 0, z: 0.3826832, w: -1}
  - {x: 0.9238796, y: 0, z: 0.3826832, w: -1}
  - {x: 0.9238796, y: 0, z: 0.3826832, w: -1}
  - {x: 0.38268352, y: 0, z: 0.9238795, w: -1}
  - {x: 0.38268352, y: 0, z: 0.9238795, w: -1}
  - {x: 0.38268352, y: 0, z: 0.9238795, w: -1}
  - {x: 0.38268352, y: 0, z: 0.9238795, w: -1}
  - {x: -1, y: 0, z: 0, w: -1}
  - {x: -1, y: 0, z: 0, w: -1}
  - {x: -1, y: 0, z: 0, w: -1}
  - {x: 1, y: 0, z: 0, w: -1}
  - {x: 1, y: 0, z: 0, w: -1}
  - {x: 1, y: 0, z: 0, w: -1}
  - {x: -1, y: 0, z: 0, w: -1}
  - {x: -1, y: 0, z: 0, w: -1}
  - {x: -1, y: 0, z: 0, w: -1}
  - {x: 1, y: 0, z: 0, w: -1}
  - {x: 1, y: 0, z: 0, w: -1}
  - {x: 1, y: 0, z: 0, w: -1}
  - {x: -1, y: 0, z: 0, w: -1}
  - {x: -1, y: 0, z: 0, w: -1}
  - {x: -1, y: 0, z: 0, w: -1}
  - {x: 1, y: 0, z: 0, w: -1}
  - {x: 1, y: 0, z: 0, w: -1}
  - {x: 1, y: 0, z: 0, w: -1}
  - {x: -1, y: 0, z: 0, w: -1}
  - {x: -1, y: 0, z: 0, w: -1}
  - {x: -1, y: 0, z: 0, w: -1}
  - {x: 1, y: 0, z: 0, w: -1}
  - {x: 1, y: 0, z: 0, w: -1}
  - {x: 1, y: 0, z: 0, w: -1}
  - {x: -1, y: 0, z: 0, w: -1}
  - {x: -1, y: 0, z: 0, w: -1}
  - {x: -1, y: 0, z: 0, w: -1}
  - {x: 1, y: 0, z: 0, w: -1}
  - {x: 1, y: 0, z: 0, w: -1}
  - {x: 1, y: 0, z: 0, w: -1}
  - {x: -1, y: 0, z: 0, w: -1}
  - {x: -1, y: 0, z: 0, w: -1}
  - {x: -1, y: 0, z: 0, w: -1}
  - {x: 1, y: 0, z: 0, w: -1}
  - {x: 1, y: 0, z: 0, w: -1}
  - {x: 1, y: 0, z: 0, w: -1}
  - {x: -1, y: 0, z: 0, w: -1}
  - {x: -1, y: 0, z: 0, w: -1}
  - {x: -1, y: 0, z: 0, w: -1}
  - {x: 1, y: 0, z: 0, w: -1}
  - {x: 1, y: 0, z: 0, w: -1}
  - {x: 1, y: 0, z: 0, w: -1}
  - {x: -1, y: 0, z: 0, w: -1}
  - {x: -1, y: 0, z: 0, w: -1}
  - {x: -1, y: 0, z: 0, w: -1}
  - {x: 1, y: 0, z: 0, w: -1}
  - {x: 1, y: 0, z: 0, w: -1}
  - {x: 1, y: 0, z: 0, w: -1}
  m_Colors: []
  m_UnwrapParameters:
    m_HardAngle: 88
    m_PackMargin: 20
    m_AngleError: 8
    m_AreaError: 15
  m_PreserveMeshAssetOnDestroy: 0
  assetGuid: 
  m_Mesh: {fileID: 0}
  m_IsSelectable: 1
  m_SelectedFaces: 
  m_SelectedEdges: []
  m_SelectedVertices: 
--- !u!135 &871007779612410405
SphereCollider:
  m_ObjectHideFlags: 0
  m_CorrespondingSourceObject: {fileID: 0}
  m_PrefabInstance: {fileID: 0}
  m_PrefabAsset: {fileID: 0}
  m_GameObject: {fileID: 2039952276310891741}
  m_Material: {fileID: 0}
  m_IsTrigger: 1
  m_Enabled: 1
  serializedVersion: 2
  m_Radius: 1
  m_Center: {x: 0, y: 0.1, z: 0}
--- !u!114 &4563372663022707775
MonoBehaviour:
  m_ObjectHideFlags: 0
  m_CorrespondingSourceObject: {fileID: 0}
  m_PrefabInstance: {fileID: 0}
  m_PrefabAsset: {fileID: 0}
  m_GameObject: {fileID: 2039952276310891741}
  m_Enabled: 1
  m_EditorHideFlags: 0
  m_Script: {fileID: 11500000, guid: b75e5860af554424093f513d672e2127, type: 3}
  m_Name: 
  m_EditorClassIdentifier: 
  offset: {x: 0, y: 0.25, z: 0}
  duration: 2
  lerpCurve:
    serializedVersion: 2
    m_Curve:
    - serializedVersion: 3
      time: 0
      value: 0
      inSlope: 0
      outSlope: 0
      tangentMode: 0
      weightedMode: 0
      inWeight: 0
      outWeight: 0
    - serializedVersion: 3
      time: 0.5
      value: 1
      inSlope: 0
      outSlope: 0
      tangentMode: 0
      weightedMode: 0
      inWeight: 0.33333334
      outWeight: 0.33333334
    - serializedVersion: 3
      time: 1
      value: 0
      inSlope: 0
      outSlope: 0
      tangentMode: 0
      weightedMode: 0
      inWeight: 0
      outWeight: 0
    m_PreInfinity: 2
    m_PostInfinity: 2
    m_RotationOrder: 4
  executeOnStart: 1
  loop: 1
  onEndLerp:
    m_PersistentCalls:
      m_Calls: []
--- !u!114 &9116915416457668825
MonoBehaviour:
  m_ObjectHideFlags: 0
  m_CorrespondingSourceObject: {fileID: 0}
  m_PrefabInstance: {fileID: 0}
  m_PrefabAsset: {fileID: 0}
  m_GameObject: {fileID: 2039952276310891741}
  m_Enabled: 1
  m_EditorHideFlags: 0
  m_Script: {fileID: 11500000, guid: 1603f7aff2692d94d8bb4dda14684971, type: 3}
  m_Name: 
  m_EditorClassIdentifier: 
  offset: {x: 0, y: 179, z: 0}
  duration: 2
  lerpCurve:
    serializedVersion: 2
    m_Curve:
    - serializedVersion: 3
      time: 0
      value: 0
      inSlope: 1
      outSlope: 1
      tangentMode: 34
      weightedMode: 0
      inWeight: 0
      outWeight: 0
    - serializedVersion: 3
      time: 1
      value: 1
      inSlope: 1
      outSlope: 1
      tangentMode: 34
      weightedMode: 0
      inWeight: 0
      outWeight: 0
    m_PreInfinity: 2
    m_PostInfinity: 2
    m_RotationOrder: 4
  executeOnStart: 1
  loop: 1
  onEndLerp:
    m_PersistentCalls:
      m_Calls: []
--- !u!114 &2039952276310891743
MonoBehaviour:
  m_ObjectHideFlags: 0
  m_CorrespondingSourceObject: {fileID: 0}
  m_PrefabInstance: {fileID: 0}
  m_PrefabAsset: {fileID: 0}
  m_GameObject: {fileID: 2039952276310891741}
  m_Enabled: 1
  m_EditorHideFlags: 0
  m_Script: {fileID: 11500000, guid: feea4a4af849a5846b1858b3929b3ea3, type: 3}
  m_Name: 
  m_EditorClassIdentifier: 
  onTrigger:
    m_PersistentCalls:
      m_Calls: []
  onTriggerWithParameter:
    m_PersistentCalls:
      m_Calls: []
  layerMaskEvents:
  - mask:
      serializedVersion: 2
      m_Bits: 256
    action:
      m_PersistentCalls:
        m_Calls: []
    actionWithObject:
      m_PersistentCalls:
        m_Calls:
        - m_Target: {fileID: 2039952276310891740}
          m_TargetAssemblyTypeName: WeaponChanger, Assembly-CSharp
          m_MethodName: Change
          m_Mode: 0
          m_Arguments:
            m_ObjectArgument: {fileID: 0}
            m_ObjectArgumentAssemblyTypeName: UnityEngine.Object, UnityEngine
            m_IntArgument: 0
            m_FloatArgument: 0
            m_StringArgument: 
            m_BoolArgument: 0
          m_CallState: 2
--- !u!114 &2039952276310891740
MonoBehaviour:
  m_ObjectHideFlags: 0
  m_CorrespondingSourceObject: {fileID: 0}
  m_PrefabInstance: {fileID: 0}
  m_PrefabAsset: {fileID: 0}
  m_GameObject: {fileID: 2039952276310891741}
  m_Enabled: 1
  m_EditorHideFlags: 0
  m_Script: {fileID: 11500000, guid: ba9337f2ba3f5f5448d7b25eede8c325, type: 3}
  m_Name: 
  m_EditorClassIdentifier: 
  weapon: {fileID: 11400000, guid: 5803dce3d3c369a45b66c95926f0f049, type: 2}
--- !u!114 &2039952276310891742
MonoBehaviour:
  m_ObjectHideFlags: 0
  m_CorrespondingSourceObject: {fileID: 0}
  m_PrefabInstance: {fileID: 0}
  m_PrefabAsset: {fileID: 0}
  m_GameObject: {fileID: 2039952276310891741}
  m_Enabled: 1
  m_EditorHideFlags: 0
  m_Script: {fileID: 11500000, guid: 8fbbcf8773b03544aa50055e21f64fb6, type: 3}
  m_Name: 
  m_EditorClassIdentifier: 
  onCollision: 0
  onTrigger: 1
--- !u!114 &777003664953247312
MonoBehaviour:
  m_ObjectHideFlags: 0
  m_CorrespondingSourceObject: {fileID: 0}
  m_PrefabInstance: {fileID: 0}
  m_PrefabAsset: {fileID: 0}
  m_GameObject: {fileID: 3436335606872884837}
  m_Enabled: 1
  m_EditorHideFlags: 0
  m_Script: {fileID: 11500000, guid: 233ed0c136aa4124c960f5ed9021649b, type: 3}
  m_Name: 
  m_EditorClassIdentifier: 
  setTargetToCamera: 1
  setTargetToPlayer: 0
  lockToAxisY: 0
  target: {fileID: 0}
--- !u!1001 &777003664912298435
PrefabInstance:
  m_ObjectHideFlags: 0
  serializedVersion: 2
  m_Modification:
    m_TransformParent: {fileID: 4350251047270318956}
    m_Modifications:
    - target: {fileID: 2699953813655746469, guid: eb2a51eaff995a848aab9a72c6231ce6,
        type: 3}
      propertyPath: m_PresetInfoIsWorld
      value: 1
      objectReference: {fileID: 0}
    - target: {fileID: 2699953813655746470, guid: eb2a51eaff995a848aab9a72c6231ce6,
        type: 3}
      propertyPath: m_Name
      value: World Canvas
      objectReference: {fileID: 0}
    - target: {fileID: 2699953813655746471, guid: eb2a51eaff995a848aab9a72c6231ce6,
        type: 3}
      propertyPath: m_Pivot.x
      value: 0.5
      objectReference: {fileID: 0}
    - target: {fileID: 2699953813655746471, guid: eb2a51eaff995a848aab9a72c6231ce6,
        type: 3}
      propertyPath: m_Pivot.y
      value: 0.5
      objectReference: {fileID: 0}
    - target: {fileID: 2699953813655746471, guid: eb2a51eaff995a848aab9a72c6231ce6,
        type: 3}
      propertyPath: m_RootOrder
      value: 0
      objectReference: {fileID: 0}
    - target: {fileID: 2699953813655746471, guid: eb2a51eaff995a848aab9a72c6231ce6,
        type: 3}
      propertyPath: m_AnchorMax.x
      value: 0
      objectReference: {fileID: 0}
    - target: {fileID: 2699953813655746471, guid: eb2a51eaff995a848aab9a72c6231ce6,
        type: 3}
      propertyPath: m_AnchorMax.y
      value: 0
      objectReference: {fileID: 0}
    - target: {fileID: 2699953813655746471, guid: eb2a51eaff995a848aab9a72c6231ce6,
        type: 3}
      propertyPath: m_AnchorMin.x
      value: 0
      objectReference: {fileID: 0}
    - target: {fileID: 2699953813655746471, guid: eb2a51eaff995a848aab9a72c6231ce6,
        type: 3}
      propertyPath: m_AnchorMin.y
      value: 0
      objectReference: {fileID: 0}
    - target: {fileID: 2699953813655746471, guid: eb2a51eaff995a848aab9a72c6231ce6,
        type: 3}
      propertyPath: m_SizeDelta.x
      value: 2
      objectReference: {fileID: 0}
    - target: {fileID: 2699953813655746471, guid: eb2a51eaff995a848aab9a72c6231ce6,
        type: 3}
      propertyPath: m_SizeDelta.y
      value: 1
      objectReference: {fileID: 0}
    - target: {fileID: 2699953813655746471, guid: eb2a51eaff995a848aab9a72c6231ce6,
        type: 3}
      propertyPath: m_LocalPosition.x
      value: 0
      objectReference: {fileID: 0}
    - target: {fileID: 2699953813655746471, guid: eb2a51eaff995a848aab9a72c6231ce6,
        type: 3}
      propertyPath: m_LocalPosition.y
      value: 0
      objectReference: {fileID: 0}
    - target: {fileID: 2699953813655746471, guid: eb2a51eaff995a848aab9a72c6231ce6,
        type: 3}
      propertyPath: m_LocalPosition.z
      value: 0
      objectReference: {fileID: 0}
    - target: {fileID: 2699953813655746471, guid: eb2a51eaff995a848aab9a72c6231ce6,
        type: 3}
      propertyPath: m_LocalRotation.w
      value: 1
      objectReference: {fileID: 0}
    - target: {fileID: 2699953813655746471, guid: eb2a51eaff995a848aab9a72c6231ce6,
        type: 3}
      propertyPath: m_LocalRotation.x
      value: 0
      objectReference: {fileID: 0}
    - target: {fileID: 2699953813655746471, guid: eb2a51eaff995a848aab9a72c6231ce6,
        type: 3}
      propertyPath: m_LocalRotation.y
      value: 0
      objectReference: {fileID: 0}
    - target: {fileID: 2699953813655746471, guid: eb2a51eaff995a848aab9a72c6231ce6,
        type: 3}
      propertyPath: m_LocalRotation.z
      value: 0
      objectReference: {fileID: 0}
    - target: {fileID: 2699953813655746471, guid: eb2a51eaff995a848aab9a72c6231ce6,
        type: 3}
      propertyPath: m_AnchoredPosition.x
      value: 0
      objectReference: {fileID: 0}
    - target: {fileID: 2699953813655746471, guid: eb2a51eaff995a848aab9a72c6231ce6,
        type: 3}
      propertyPath: m_AnchoredPosition.y
      value: 1.25
      objectReference: {fileID: 0}
    - target: {fileID: 2699953813655746471, guid: eb2a51eaff995a848aab9a72c6231ce6,
        type: 3}
      propertyPath: m_LocalEulerAnglesHint.x
      value: 0
      objectReference: {fileID: 0}
    - target: {fileID: 2699953813655746471, guid: eb2a51eaff995a848aab9a72c6231ce6,
        type: 3}
      propertyPath: m_LocalEulerAnglesHint.y
      value: 0
      objectReference: {fileID: 0}
    - target: {fileID: 2699953813655746471, guid: eb2a51eaff995a848aab9a72c6231ce6,
        type: 3}
      propertyPath: m_LocalEulerAnglesHint.z
      value: 0
      objectReference: {fileID: 0}
    - target: {fileID: 2699953813655746474, guid: eb2a51eaff995a848aab9a72c6231ce6,
        type: 3}
      propertyPath: m_AdditionalShaderChannelsFlag
      value: 25
      objectReference: {fileID: 0}
    m_RemovedComponents: []
  m_SourcePrefab: {fileID: 100100000, guid: eb2a51eaff995a848aab9a72c6231ce6, type: 3}
--- !u!1 &3436335606872884837 stripped
GameObject:
  m_CorrespondingSourceObject: {fileID: 2699953813655746470, guid: eb2a51eaff995a848aab9a72c6231ce6,
    type: 3}
  m_PrefabInstance: {fileID: 777003664912298435}
  m_PrefabAsset: {fileID: 0}
--- !u!224 &3436335606872884836 stripped
RectTransform:
  m_CorrespondingSourceObject: {fileID: 2699953813655746471, guid: eb2a51eaff995a848aab9a72c6231ce6,
    type: 3}
  m_PrefabInstance: {fileID: 777003664912298435}
  m_PrefabAsset: {fileID: 0}
